AoeStats
← Kanyaga

Arabian Desert

509460776Analyzed
1v1 RM · 5d ago on Sep 26, 2026· 27m 30s· 2 players
Game mode
Random Map
Map size
Tiny (2 player)
Population
200
Speed
Normal
Resources
Standard
Victory
Conquest
Starting age
Dark Age
Ending age
Imperial Age
RankedLock teamsTeams togetherTeam positionsShared explorationLock speedFull tech treeHidden civsTurbo modeCheats
Victory
Defeat
🇧🇷 Sicilians · Brazil
1604
+16
🇹🇷 Huns · Türkiye
1608
-16
Leo Javier
6:41 Loom
9:19 Feudal Age
19:25 Scale Mail Armor
26:57 Castle Age
25:31 Fletching
Kanyaga
2:38 Loom
5:58 Loom
8:20 Feudal Age
9:11 Double-Bit Axe
19:41 Fletching
Connection lost

Rejoining the realm…

Still unreachable

The connection could not be restored.

Session expired

The server has moved on; the page needs a fresh start.